 Dungeon Crawl Stone Soup version 0.31-a0-466-g98c9adc2b6 (webtiles) character file.

Game seed: 6614740362392532942

95 horus123 the Conjurer (level 4, -1/33 HPs)
             Began as a Human Hedge Wizard on Aug 6, 2023.
             Was an Initiate of Yredelemnul.
             Slain by an orc wizard
             ... wielding a +0 dagger
              (3 damage)
             ... on level 2 of the Dungeon.
             The game lasted 00:05:01 (2215 turns).

horus123 the Conjurer (Human Hedge Wizard)          Turns: 2215, Time: 00:05:01

Health: -1/33      AC:  3    Str: 11    XL:     4   Next: 97%
Magic:  6/8        EV: 12    Int: 22    God:    Yredelemnul [......]
Gold:   83         SH:  0    Dex: 12    Spells: 5/9 levels left

rFire   . . .        p - +0 flail
rCold   . . .        (no shield)
rNeg    . . .        b - +0 robe
rPois   +            m - +1 hat
rElec   .            (no cloak)
rCorr   .            (no gloves)
SInv    .            (no boots)
Will    .....        (no amulet)
Stlth   +            e - +6 ring of intelligence
HPRegen 0.25/turn    k - ring of poison resistance
MPRegen 0.11/turn

%: no passive effects
@: confused
A: no striking features
a: Renounce Religion, Recall Undead Harvest


You were on level 2 of the Dungeon.
You worshipped Yredelemnul.
Yredelemnul was noncommittal.
You visited 1 branch of the dungeon, and saw 3 of its levels.

You collected 83 gold pieces.

Inventory:

Hand Weapons
 a - a +0 dagger
 p - a +0 flail (weapon)
Armour
 b - a +0 robe (worn)
 m - a +1 hat (worn)
Magical Staves
 r - a staff of poison
Jewellery
 e - a +6 ring of intelligence (left hand)
 k - a ring of poison resistance (right hand)
Scrolls
 c - 3 scrolls of enchant weapon {unknown}
 f - a scroll of blinking {unknown}
 h - a scroll of poison {unknown}
 j - 2 scrolls of identify {unknown}
 l - 2 scrolls of fog {unknown}
Potions
 d - a potion of magic
 g - a potion of enlightenment {unknown}
 i - a potion of lignification {unknown}
 n - a potion of brilliance {unknown}
 o - a potion of heal wounds {unknown}
 q - a potion of curing {unknown}
 s - a potion of mutation {unknown}


   Skills:
 - Level 2.0 Fighting
 - Level 2.0 Dodging
 - Level 2.0 Stealth
 - Level 3.0 Spellcasting
 + Level 3.6 Conjurations
 - Level 1.0 Summonings
 - Level 1.0 Translocations


You had 5 spell levels left.
You knew the following spells:

 Your Spells              Type           Power      Damage    Failure   Level
a - Magic Dart            Conj           76%        1d6       2%          1
b - Slow                  Hex            12%        N/A       12%         1
c - Call Imp              Summ           14%        N/A       12%         2

Your spell library contained the following spells:

 Spells                   Type           Power      Damage    Failure   Level
 Blink                    Tloc           14%        N/A       12%         2
 Cigotuvi's Dreadful Rot  Necr/Pois/Air  6%         N/A       19%         2
 Mephitic Cloud           Conj/Pois/Air  8%         N/A       22%         3


Dungeon Overview and Level Annotations

Branches:
Dungeon (3/15)

Altars:
Yredelemnul

Shops:
D:2 !


Message History

You closely miss the orc.
The orc wizard hits you with a +0 dagger.
* * * LOW HITPOINT WARNING * * *
The orc barely misses you. The orc wizard casts a spell at you.
The magic dart hits you.
* * * LOW HITPOINT WARNING * * *
The orc barely misses you.
You sock the orc!
You kill the orc!
The dead are walking!
The orc wizard hits you with a +0 dagger.
* * * LOW HITPOINT WARNING * * *
Things that are here:
a +0 war axe; a +0 leather armour Unknown command.
The orc wizard attacks as you move away!
The orc wizard hits you with a +0 dagger.
* * * LOW HITPOINT WARNING * * *
Your orc zombie hits the orc wizard but does no damage.
Aiming: Magic Dart (safe; 2% risk of failure)
Press: ? - help, Q - select action, (/) - cycle Shift-Dir - straight line, f - orc wizard
Aim: an orc wizard, wielding a +0 dagger and wearing a +0 robe (ally target, 100% to hit)
The magic dart hits the orc wizard but does no damage.
The orc wizard mumbles some strange words.
The orc wizard flickers and vanishes!
Deactivating autopickup; reactivate with Ctrl-A.
You closely miss something. Something hits you.
* * * LOW HITPOINT WARNING * * *
You hear some strange, mumbled words.
A puff of flame appears from out of thin air!
The puff of flame misses you.
You miss something. Something hits you but does no damage.
You closely miss something.
You hear some strange, mumbled words.
You are confused.
You bump into the rock wall.
Something hits you but does no damage.
You bump into the rock wall.
Something hits you.
You die...
Your body rises from the dead as a mindless zombie.

#.# #.# ########.#
#......#.#
#####.#....#.######
#.......#...).<...#
#.###.#....#.####.#
###.#
#.####...<###Z#
#...#
#@####.....##.#
#.###
#Z{r>)....###.# #.#
########.## #.####
#.# #.# #..Z.. #.#
#.# ###### #.#
##'## #.# ##...##
#####.####
##.....## #
#....[...##
##.......## ##


You could see a rat and a friendly orc zombie.

Vanquished Creatures
  Natasha (twice) (D:2)
  An adder (D:2)
  2 dart slugs (D:2)
  2 orcs (D:2)
  An endoplasm (D:1)
  7 goblins
  3 hobgoblins
  A quokka (D:1)
  2 bats (D:1)
  2 frilled lizards (D:1)
  3 kobolds
  5 rats
31 creatures vanquished.

Vanquished Creatures (collateral kills)
  A kobold (D:2)
1 creature vanquished.

Vanquished Creatures (others)
  A kobold zombie (D:2)
1 creature vanquished.

Grand Total: 33 creatures vanquished

Notes
Turn   | Place    | Note
-------+----------+-------------------------------------------
     0 | D:1      | horus123 the Human Hedge Wizard began the quest for the
                  | Orb.
     0 | D:1      | Reached XP level 1. HP: 13/13 MP: 4/4
     2 | D:1      | Learned a level 1 spell: Slow
   209 | D:1      | Reached skill level 1 in Fighting
   271 | D:1      | Reached XP level 2. HP: 18/21 MP: 0/6
   992 | D:1      | Found a faded altar of an unknown god.
  1000 | D:1      | Prayed at the altar of an unknown god.
  1000 | D:1      | Became a worshipper of Yredelemnul the Dark
  1000 | D:1      | Reached * piety under Yredelemnul
  1249 | D:2      | Noticed Natasha
  1260 | D:2      | Killed Natasha
  1261 | D:2      | Reached XP level 3. HP: 23/27 MP: 3/7
  1264 | D:2      | Learned a level 2 spell: Call Imp
  1541 | D:2      | Reached XP level 4. HP: 33/33 MP: 4/8
  1925 | D:2      | Reached ** piety under Yredelemnul
  1948 | D:2      | Found Jociamo's Distillery.
  2024 | D:2      | Noticed Natasha
  2031 | D:2      | Killed Natasha
  2209 | D:2      | HP: 1/33 [orc wizard/+0 dagger (3)]
  2215 | D:2      | Slain by an orc wizard

Illustrated notes

Levels and vault maps discovered:
D:1:      dpeg_arrival_castle, layout_rooms, shapermc_ecumenical_altar_pompeii
D:2:      layout_loops_corners, serial_shops, nicolae_shop_industrial_runoff,
          uniq_natasha
D:3:      layout_loops_ring, nicolae_kite_square_tiling_tiny

Skill      XL: |  1  2  3  4 |
---------------+-------------+-----
Fighting       | 1 2 |  2.0
Conjurations   | 2 3 |  3.6
Dodging        | |  2.0
Stealth        | |  2.0
Spellcasting   | |  3.0
Summonings     | |  1.0
Translocations | |  1.0

Action                     |  1- 3 |  4- 6 || total
---------------------------+-------+-------++-------
  Melee: Dagger            |    32 |     5 ||    37
         Punch             |     1 |       ||     1
         Flail             |       |     9 ||     9
   Cast: Magic Dart        |    51 |    19 ||    70
   Stab: Sleeping          |       |     1 ||     1
 Armour: Robe              |     4 |     6 ||    10
  Dodge: Dodged            |    20 |    12 ||    32

Table legend: (Time is in decaauts)
 A = Elapsed time spent in this place.
 B = Non-inter-level travel time spent in this place.
 C = Inter-level travel time spent in this place.
 D = Time resting spent in this place.
 E = Time spent auto-exploring this place.
 F = Levels seen in this place.
 G = Mean time per level.
                   A        B        C        D        E       F      G
               +--------+--------+--------+--------+--------+-----+--------+
         Total |   2227 |   2136 |     91 |    174 |   1649 |   3 |  742.3 |
       Dungeon |   2227 |   2136 |     91 |    174 |   1649 |   3 |  742.3 |
               +--------+--------+--------+--------+--------+-----+--------+

Top non-repeatable levels by time:
     D:2: 1161 daAuts
     D:1: 1057 daAuts
     D:3: 7 daAuts
